 Dungeon Crawl Stone Soup version 0.32-a0-732-ga344392067 (webtiles) character file.

Game seed: 13315352997866396920

184 gimp the Digger (level 5, -3/38 HPs)
             Began as an Armataur Earth Elementalist on Mar 16, 2024.
             Killed from afar by Ijyb (18 damage)
             ... with a bolt of dispelling energy
             ... on level 3 of the Dungeon.
             The game lasted 00:04:02 (2682 turns).

gimp the Digger (Armataur Earth Elementalist)       Turns: 2682, Time: 00:04:03

Health: -3/38      AC:  4    Str: 19    XL:     5   Next: 36%
Magic:  0/8        EV:  8    Int: 17    God:
Gold:   175        SH:  0    Dex: 11    Spells: 5/9 levels left

rFire   . . .        (no weapon)
rCold   . . .        (no shield)
rNeg    . . .        a - +0 robe
rPois   .            (no helmet)
rElec   .            (no cloak)
rCorr   .            (no gloves)
SInv    .            (no barding)
Will    .....        (no amulet)
Stlth   ++           h - +6 ring of strength
HPRegen 0.26/turn    (no ring)
MPRegen 0.11/turn

%: roll
@: no status effects
A: large, deformed body, tough skin 3, armoured tail, rollpage 1
a: no special abilities


You were on level 3 of the Dungeon.
You visited 1 branch of the dungeon, and saw 3 of its levels.

You collected 175 gold pieces.

Inventory:

Armour
 a - a +0 robe (worn)
Jewellery
 h - a +6 ring of strength (left hand)
Scrolls
 c - 2 scrolls of fear {unknown}
 d - a scroll of silence {unknown}
 e - a scroll of noise {unknown}
 g - a scroll of enchant weapon {unknown}
 i - 4 scrolls of identify {unknown}
Potions
 b - a potion of magic
 f - 2 potions of heal wounds {unknown}


   Skills:
 - Level 1.3 Dodging
 - Level 2.1 Stealth
 + Level 2.6 Spellcasting
 * Level 3.1 Conjurations
 * Level 4.0 Earth Magic


You had 5 spell levels left.
You knew the following spells:

 Your Spells              Type           Power      Damage    Failure   Level
a - Sandblast             Erth           32%        2d9       3%          1
b - Stone Arrow           Conj/Erth      28%        3d8       12%         3

Your spell library contained the following spells:

 Spells                   Type           Power      Damage    Failure   Level
 Passwall                 Erth           16%        N/A       11%         3
 Brom's Barrelling Bould  Conj/Erth      14%        2d4       38%         4
 Petrify                  Alch/Erth      9%         N/A       61%         4


Dungeon Overview and Level Annotations

Branches:
Dungeon (3/15)

Altars:

Shops:
D:2 (

Annotations:
D:3 Ijyb


Innate Abilities, Weirdness & Mutations

Armour fits poorly on your strangely shaped body.
You have extremely tough skin. (AC +3)
You have a long armoured tail.
You regenerate magic when rolling toward enemies. (Rampage MPRegen)


Message History

You open the door.
There is an open door here.
Found a short sword.
You see here a +0 short sword.
Found a stone staircase leading up.
You now have 175 gold pieces (gained 12).
There is a stone staircase leading up here.
You see here a +0 short sword.
There is an open door here.
Ijyb the Inquisitive comes into view.
She is wielding a +0 dagger and carrying a wand of quicksilver.
Ijyb is nearby!
Ijyb shouts!
Found 12 gold pieces.
Casting: Sandblast (safe; 3% risk of failure)
Confirm with . or Enter, or press ? or * to list all spells.
Aiming: Sandblast (safe; 3% risk of failure)
Press: ? - help, Shift-Dir - straight line, f - Ijyb
Aim: Ijyb, wielding a +0 dagger, wearing a +0 scale mail and carrying a wand of quicksilver (80% to hit)
The blast of sand hits Ijyb.
Ijyb is lightly wounded.
Ijyb screams, "Level is mine!
All mine!"
Ijyb hits you with a +0 dagger.
You take 2 damage, and have 36/38 hp.
You now have 7/8 mp.
Casting: Sandblast (safe; 3% risk of failure)
Confirm with . or Enter, or press ? or * to list all spells.
Aiming: Sandblast (safe; 3% risk of failure)
Press: ? - help, Shift-Dir - straight line, f/p - Ijyb
Aim: Ijyb, wielding a +0 dagger, wearing a +0 scale mail and carrying a wand of quicksilver (lightly wounded, 80% to hit)
The blast of sand hits Ijyb but does no damage.
Ijyb is lightly wounded.
Ijyb hits you but does no damage.
You now have 6/8 mp.
Casting: Sandblast (safe; 3% risk of failure)
Confirm with . or Enter, or press ? or * to list all spells.
Aiming: Sandblast (safe; 3% risk of failure)
Press: ? - help, Shift-Dir - straight line, f/p - Ijyb
Aim: Ijyb, wielding a +0 dagger, wearing a +0 scale mail and carrying a wand of quicksilver (lightly wounded, 80% to hit)
The blast of sand hits Ijyb.
Ijyb is moderately wounded.
Ijyb barely misses you. Ijyb hits you with a +0 dagger.
You take 2 damage, and have 34/38 hp.
You now have 5/8 mp.
Casting: Sandblast (safe; 3% risk of failure)
Confirm with . or Enter, or press ? or * to list all spells.
Aiming: Sandblast (safe; 3% risk of failure)
Press: ? - help, Shift-Dir - straight line, f/p - Ijyb
Aim: Ijyb, wielding a +0 dagger, wearing a +0 scale mail and carrying a wand of quicksilver (moderately wounded, 80% to hit)
The blast of sand hits Ijyb!
Ijyb is heavily wounded.
Ijyb hits you but does no damage.
You now have 4/8 mp.
Casting: Sandblast (safe; 3% risk of failure)
Confirm with . or Enter, or press ? or * to list all spells.
Aiming: Sandblast (safe; 3% risk of failure)
Press: ? - help, Shift-Dir - straight line, f/p - Ijyb
Aim: Ijyb, wielding a +0 dagger, wearing a +0 scale mail and carrying a wand of quicksilver (heavily wounded, 80% to hit)
The blast of sand hits Ijyb but does no damage.
Ijyb is heavily wounded.
Ijyb hits you but does no damage. Ijyb hits you with a +0 dagger.
You take 2 damage, and have 33/38 hp.
Casting: Sandblast (safe; 3% risk of failure)
Confirm with . or Enter, or press ? or * to list all spells.
Aiming: Sandblast (safe; 3% risk of failure)
Press: ? - help, Shift-Dir - straight line, f/p - Ijyb
Aim: Ijyb, wielding a +0 dagger, wearing a +0 scale mail and carrying a wand of quicksilver (heavily wounded, 80% to hit)
The blast of sand hits Ijyb but does no damage.
Ijyb is heavily wounded.
Ijyb hits you with a +0 dagger.
You take 1 damage, and have 32/38 hp.
You now have 3/8 mp.
Casting: Sandblast (safe; 3% risk of failure)
Confirm with . or Enter, or press ? or * to list all spells.
Aiming: Sandblast (safe; 3% risk of failure)
Press: ? - help, Shift-Dir - straight line, f/p - Ijyb
Aim: Ijyb, wielding a +0 dagger, wearing a +0 scale mail and carrying a wand of quicksilver (heavily wounded, 80% to hit)
The blast of sand hits Ijyb but does no damage.
Ijyb is heavily wounded.
Ijyb barely misses you. Ijyb hits you with a +0 dagger.
You take 4 damage, and have 28/38 hp.
You now have 2/8 mp.
Casting: Sandblast (safe; 3% risk of failure)
Confirm with . or Enter, or press ? or * to list all spells.
Aiming: Sandblast (safe; 3% risk of failure)
Press: ? - help, Shift-Dir - straight line, f/p - Ijyb
Aim: Ijyb, wielding a +0 dagger, wearing a +0 scale mail and carrying a wand of quicksilver (heavily wounded, 80% to hit)
The blast of sand hits Ijyb but does no damage.
Ijyb is heavily wounded.
Ijyb screams, "Me am play god!"
Ijyb zaps a wand.
The bolt of dispelling energy hits you!
You take 8 damage, and have 20/38 hp.
MASSIVE DAMAGE!!
You now have 1/8 mp.
You hit Ijyb but do no damage.
Ijyb is heavily wounded.
Ijyb zaps a wand.
The bolt of dispelling energy hits you.
You take 5 damage, and have 15/38 hp.
Casting: Sandblast (safe; 3% risk of failure)
Confirm with . or Enter, or press ? or * to list all spells.
Aiming: Sandblast (safe; 3% risk of failure)
Press: ? - help, Shift-Dir - straight line, f/p - Ijyb
Aim: Ijyb, wielding a +0 dagger, wearing a +0 scale mail and carrying a wand of quicksilver (heavily wounded, 80% to hit)
The blast of sand misses Ijyb.
Ijyb zaps a wand.
The bolt of dispelling energy hits you!!
You die...
Ijyb moans, "Good help so hard to find!"

##....# ##....#.
#....#.# #...#.#.
#####..#.#.#
#.......#.#. #
#........#.#
#.#######.........#.
#.g@...............#
#..#####.#######....
..... #.# ##...
####.. #.# ##.. #..
#.# ##. ##$
#.########### ##
#.....)).....
############# #


You could see Ijyb.

Vanquished Creatures
  A black bear (D:3)
  3 adders (D:2)
  A ribbon worm (D:2)
  3 dart slugs
  4 orcs (D:3)
  A bat (D:2)
  8 endoplasms
  8 goblins
  4 hobgoblins
  2 jackals (D:2)
  7 kobolds
  2 quokkas
  3 ball pythons
  2 frilled lizards
  7 rats
56 creatures vanquished.

Notes
Turn   | Place    | Note
-------+----------+-------------------------------------------
     0 | D:1      | gimp the Armataur Earth Elementalist began the quest for
                  | the Orb.
     0 | D:1      | Reached XP level 1. HP: 14/14 MP: 3/3
    40 | D:1      | Reached skill level 1 in Conjurations
   449 | D:1      | Reached XP level 2. HP: 20/20 MP: 2/4
   541 | D:1      | Reached skill level 3 in Earth Magic
  1163 | D:2      | Reached XP level 3. HP: 26/26 MP: 0/6
  1506 | D:2      | Found Mounwuq's Antique Weapon Shop.
  1577 | D:2      | Reached XP level 4. HP: 30/33 MP: 4/7
  2099 | D:3      | Noticed a black bear
  2109 | D:3      | Killed a black bear
  2110 | D:3      | Reached skill level 4 in Earth Magic
  2110 | D:3      | Reached XP level 5. HP: 21/38 MP: 2/8
  2270 | D:3      | Identified the +5 chain mail of Onkaep {rN+ Will+ Int-3
                  | SInv}
  2548 | D:3      | Learned a level 3 spell: Stone Arrow
  2670 | D:3      | Noticed Ijyb
  2682 | D:3      | Killed from afar by Ijyb

Illustrated notes

Levels and vault maps discovered:
D:1:      sevenhm_arrival_forest_fort_large_2, layout_basic,
          serial_corexii_hall, corexii_hall_statues_i, chequers_hall_statues_y,
          corexii_hall_statues_l, corexii_hall_statues_t
D:2:      minmay_chambers_of_twos, layout_loops_ring, serial_shops, shop
D:3:      layout_basic, nicolae_the_louvre, uniq_ijyb, uniq_crazy_yiuf_cottage

Skill      XL: |  1  2  3  4 |
---------------+-------------+-----
Conjurations   | 1 2 3 |  3.1
Earth Magic    | 3 4 |  4.0
Spellcasting   | 2 |  2.6
Dodging        | |  1.3
Stealth        | |  2.1

Action                     |  1- 3 |  4- 6 || total
---------------------------+-------+-------++-------
  Melee: Unarmed           |     1 |     2 ||     3
   Cast: Sandblast         |    52 |    49 ||   101
 Armour: Robe              |     6 |    29 ||    35
  Dodge: Dodged            |    10 |    11 ||    21

Table legend: (Time is in decaauts)
 A = Elapsed time spent in this place.
 B = Non-inter-level travel time spent in this place.
 C = Inter-level travel time spent in this place.
 D = Time resting spent in this place.
 E = Time spent auto-exploring this place.
 F = Levels seen in this place.
 G = Mean time per level.
                   A        B        C        D        E       F      G
               +--------+--------+--------+--------+--------+-----+--------+
         Total |   2730 |   2604 |    126 |      2 |   2255 |   3 |  910.0 |
       Dungeon |   2730 |   2604 |    126 |      2 |   2255 |   3 |  910.0 |
               +--------+--------+--------+--------+--------+-----+--------+

Top non-repeatable levels by time:
     D:1: 1147 daAuts
     D:2: 913 daAuts
     D:3: 670 daAuts
